 Dungeon Sprint DCSS version 0.31-a0-746-ge8284cb111 (webtiles) character file.

Game seed: 14253499765539847458

67 Revguard the Ruffian (level 4, -8/48 HPs)
             Began as a Troll Shapeshifter on Sept 14, 2023.
             Was an Initiate of Jiyva.
             Killed from afar by a deep elf knight (10 damage)
             ... with a shard of ice
             ... in the Dungeon (Sprint V: "Ziggurat Sprint").
             The game lasted 00:02:13 (93 turns).

Revguard the Ruffian (Troll Shapeshifter)             Turns: 93, Time: 00:02:14

Health: -8/48      AC: 20    Str: 34    XL:     4   Next: 0%
Magic:  3/3        EV:  4    Int:  6    God:    Jiyva [......]
Gold:   0          SH:  0    Dex: 11    Spells: 3/3 levels left

rFire   + .          .
                       - Unarmed
rCold   + . .        (no shield)
rNeg    . . .        H - +5 gold dragon scales
rPois   +            (helmet currently unavailable)
rElec   .            (cloak currently unavailable)
rCorr   .            (gloves unavailable)
SInv    .            (boots unavailable)
Will    .....        (no amulet) Stlth
                     A - +6 ring of strength
HPRegen 1.08/turn    B - +6 ring of strength
MPRegen 0.08/turn

%: no teleportation
@: beast-form
A: beast (slay +2), large, unfitting armour, claws 3, regeneration 1, shaggy fur
1, tough skin 1
a: Begin Untransformation, Renounce Religion


You were in the Dungeon.
You worshipped Jiyva.
Jiyva was noncommittal.
You were a hulking beast.
You visited 1 branch

Inventory:

Armour
 a - a +0 animal skin
 H - +5 gold dragon scales (worn)
Jewellery
 n - a ring of willpower
 v - a ring of flight
 w - a +6 ring of dexterity
 x - a +6 ring of dexterity
 y - a +6 ring of intelligence
 z - a +6 ring of intelligence
 A - a +6 ring of strength (left claw)
 B - a +6 ring of strength (right claw)
Talismans
 c - a beast talisman (active)
 d - a flux talisman
 C - a blade talisman
 D - a maw talisman
 E - a serpent talisman
Wands
 t - a wand of mindburst (7)
 u - a wand of quicksilver (4)
Scrolls
 j - 4 scrolls of blinking
 p - 4 scrolls of amnesia
 q - 7 scrolls of fog
 r - 5 scrolls of identify
 s - 2 scrolls of fear
Potions
 b - a potion of lignification
 e - 10 potions of curing
 f - 8 potions of heal wounds
 g - 6 potions of haste
 h - 7 potions of magic
 i - 3 potions of berserk rage
 k - 2 potions of brilliance
 l - 2 potions of invisibility
 m - 4 potions of resistance
 o - 5 potions of might


   Skills:
 * Level 4.0 Fighting
 + Level 2.7 Armour
 + Level 3.3 Dodging
 + Level 4.6 Unarmed Combat
 + Level 2.3 Evocations
 + Level 4.3 Shapeshifting


You had 3 spell levels left.
You didn't know any spells.
Your spell library was empty.

Dungeon Overview and Level Annotations

Branches:
Dungeon (1/1)

Altars:
Ashenzari
Cheibriados
Dithmenos
Elyvilon
Fedhas
Gozag
Hepliaklqana
Kikubaaqudgha
Makhleb
Nemelex Xobeh
Okawaru
Qazlal
Ru
Sif Muna
Trog
Uskayaw
Vehumet
Wu Jian
Xom
Yredelemnul
Zin
The Shining One
Jiyva
Lugonu

Annotations:
D 1 transporter


Innate Abilities, Weirdness & Mutations

You are a hulking beast.
Your limbs bulge with bestial killing power. (Slay +2)
You are too large for most types of armour.
You have claws for hands.
Your natural rate of healing is unusually fast.
You are covered in fur. (AC +1)
You have tough skin. (AC +1)


Message History

Press: ? - help, Shift-Dir - straight line, f/p - deep elf zephyrmancer
Aim: a deep elf zephyrmancer, wielding a +0 dagger and wearing a +0 leather armour (moderately wounded, 60% to hit)
The bolt of dispelling energy hits the +1 heavy long sword!
The +1 heavy long sword is heavily damaged.
The bolt of dispelling energy misses the deep elf zephyrmancer.
You hear a distant slurping noise.
The deep elf zephyrmancer casts a spell at you.
The bolt of lightning hits the +1 heavy long sword.
The +1 heavy long sword completely resists.
The bolt of lightning hits you! x2
* * * LOW HITPOINT WARNING * * *
The bolt of lightning hits the +1 heavy long sword.
The +1 heavy long sword completely resists.
The +1 heavy long sword hits you!
* * * LOW HITPOINT WARNING * * *
You feel much better.
The deep elf zephyrmancer casts a spell.
The deep elf zephyrmancer blinks!
The +1 heavy long sword hits you!
* * * LOW HITPOINT WARNING * * *
You hear a distant slurping noise.
You feel much better.
You hear a distant slurping noise.
The +1 heavy long sword hits you!
You claw the deep elf zephyrmancer!
The deep elf zephyrmancer is severely wounded.
The deep elf zephyrmancer gestures at you while chanting.
The bolt of lightning misses you. The +1 heavy long sword hits you!
The deep elf knight unwields a +0 longbow.
The deep elf knight hits you!
* * * LOW HITPOINT WARNING * * *
Aiming: Quicksilver Bolt
Press: ? - help, Shift-Dir - straight line, f/p - deep elf zephyrmancer
Aim: a deep elf zephyrmancer, wielding a +0 dagger and wearing a +0 leather armour (severely wounded, 60% to hit)
The bolt of dispelling energy hits the deep elf zephyrmancer!!
You kill the deep elf zephyrmancer!
The +1 heavy long sword hits you.
* * * LOW HITPOINT WARNING * * *
The deep elf knight casts a spell at you.
The shard of ice hits you! You partially resist.
You die...

▓▓▓▓▓▓▓▓▓▓▓▓▓
▓.8©8.▓.8©8.▓
▓.)}|.▓.....▓
▓.....▓...).▓
▓.....▓.....▓
▓.....▓.....▓
▓.)(e.▓..©..▓
▓..h..▓▓▓▓▓▓▓
▓▓▓▓▓▓▓


You could see a deep elf knight and a +1 heavy long sword.

Vanquished Creatures
  A deep elf zephyrmancer (D)
  A quasit (D)
  An iron imp (D)
3 creatures vanquished.

Vanquished Creatures (others)
  An azure jelly (D)
  A fire giant (shapeshifter) (D)
  A ghost moth (shapeshifter) (D)
  A great orb of eyes (shapeshifter) (D)
  An ettin (shapeshifter) (D)
  A two-headed ogre (shapeshifter) (D)
  A swamp dragon (shapeshifter) (D)
  An orb spider (shapeshifter) (D)
  A mana viper (shapeshifter) (D)
  An elephant (shapeshifter) (D)
  A shining eye (shapeshifter) (D)
  A moth of wrath (shapeshifter) (D)
  A water nymph (shapeshifter) (D)
  An eye of devastation (shapeshifter) (D)
  A rime drake (shapeshifter) (D)
  A meliai (shapeshifter) (D)
  A wind drake (shapeshifter) (D)
  A blink frog (shapeshifter) (D)
  A jumping spider (shapeshifter) (D)
  A slime creature (shapeshifter) (D)
  A culicivora (shapeshifter) (D)
  A spriggan (shapeshifter) (D)
  An adder simulacrum (D)
  A bat simulacrum (D)
  A jackal (shapeshifter) (D)
  A ball python simulacrum (D)
26 creatures vanquished.

Grand Total: 29 creatures vanquished

Notes
Turn   | Place    | Note
-------+----------+-------------------------------------------
     0 | D        | Revguard the Troll Shapeshifter began the quest for the
                  | Orb.
     0 | D        | Reached XP level 1. HP: 18/18 MP: 0/0
     0 | D        | Found a shimmering blue altar of Sif Muna.
     0 | D        | Found a bloodstained altar of Trog.
     0 | D        | Found a sacrificial altar of Ru.
     0 | D        | Found a stormy altar of Qazlal.
     0 | D        | Found an iron altar of Okawaru.
     1 | D        | Found a sparkling altar of Nemelex Xobeh.
     1 | D        | Found a blossoming altar of Fedhas.
     1 | D        | Found the +6 Majin-Bo {spellvamp, MP+6 Int+6}
     1 | D        | Found the +27 heavy crossbow "Sniper" {heavy, Acc+∞ SInv}
     1 | D        | Found the +10 dark maul {heavy}
     1 | D        | Found the +15 Maxwell's patent armour {-Cast -Tele rElec
                  | Will+ rCorr}
     1 | D        | Found the +18 shield of the Gong {Loud rN+ Will+ rCorr
                  | EV-5}
     1 | D        | Found the +16 obsidian axe {drain, demonic, Mesm Drain Fly
                  | SInv}
     1 | D        | Found the +7 great mace "Firestarter" {flame, immolate,
                  | rFlCloud rF++}
     1 | D        | Found the +6 shillelagh "Devastator" {shatter}
     1 | D        | Found the +11 plutonium sword {Contam Stlth-}
     1 | D        | Found the +8 lance "Wyrmbane" {slay drac, rPois rF+ rC+
                  | AC+3}
     1 | D        | Found the +9 sword of Zonguldrok {reap}
     1 | D        | Found the +13 scythe of Curses {drain, curses, Drain}
     1 | D        | Found the +9 sword of Power {lifebolt}
     1 | D        | Found the +7 mace of Variability {chaos, chaos arc}
     1 | D        | Found the +11 Singing Sword {sonic wave}
     1 | D        | Found the +8 storm bow {elec, penet}
     3 | D        | Found a transporter.
     3 | D        | Found an ancient bone altar of Kikubaaqudgha.
     3 | D        | Found a viscous altar of Jiyva.
     3 | D        | Found a corrupted altar of Lugonu.
     3 | D        | Found a hazy altar of Hepliaklqana.
     3 | D        | Found a burning altar of Makhleb.
     3 | D        | Found an opulent altar of Gozag.
    60 | D        | Reached skill level 1 in Evocations
    60 | D        | Reached XP level 2. HP: 31/31 MP: 1/1
    70 | D        | Became a worshipper of Jiyva Jidexzun the Shapeless
    72 | D        | Killed an orb spider
    72 | D        | Killed a slime creature
    73 | D        | Killed a water nymph
    73 | D        | Killed a ghost moth
    74 | D        | Entered arena 2.
    74 | D        | Found a transporter.
    76 | D        | Killed a two-headed ogre
    76 | D        | Killed an ettin
    77 | D        | Killed a meliai
    77 | D        | Killed an azure jelly
    77 | D        | Killed a spriggan
    79 | D        | Reached XP level 3. HP: 36/39 MP: 2/2
    79 | D        | Killed a great orb of eyes
    80 | D        | Killed a blink frog
    81 | D        | Killed an eye of devastation
    81 | D        | Killed a wind drake
    82 | D        | Reached XP level 4. HP: 48/48 MP: 3/3
    83 | D        | Killed a culicivora
    83 | D        | Killed a moth of wrath
    84 | D        | Killed a shining eye
    86 | D        | Killed a fire giant
    87 | D        | Entered arena 3.
    87 | D        | Noticed a deep elf zephyrmancer
    87 | D        | Noticed a deep elf knight
    87 | D        | Noticed a +1 heavy long sword
    87 | D        | Killed a jumping spider
    87 | D        | Found a transporter.
    89 | D        | Killed a mana viper
    90 | D        | Killed an elephant
    90 | D        | Killed a swamp dragon
    90 | D        | Killed a rime drake
    93 | D        | Killed a deep elf zephyrmancer
    93 | D        | HP: 2/48 [+1 heavy long sword (2)]
    93 | D        | Killed from afar by a deep elf knight

Illustrated notes

Levels and vault maps discovered:
D:        sprint_v [room_start, room_1, room_2, room_3, room_4, room_5, room_6,
          room_7, room_8, room_9, room_10, room_11, room_12, room_13, room_14,
          room_15, room_16, room_17, room_18, room_19, room_20, room_21,
          room_22, room_23, room_24, room_25, room_26, room_27]

Skill      XL: |  1  2  3 |
---------------+----------+-----
Fighting       | 3 4 |  4.0
Armour         | 2 |  2.7
Dodging        | 2 3 |  3.3
Unarmed Combat | 4 |  4.6
Evocations     | 1 2 |  2.3
Shapeshifting  | 4 |  4.3

Action                     |  1- 3 |  4- 6 || total
---------------------------+-------+-------++-------
  Melee: Unarmed           |     6 |     1 ||     7
  Evoke: Wand              |       |     3 ||     3
    Use: Potion            |     1 |     2 ||     3
 Armour: Gold dragon scale |    12 |    10 ||    22
  Dodge: Dodged            |     5 |     1 ||     6

Table legend: (Time is in decaauts)
 A = Elapsed time spent in this place.
 B = Non-inter-level travel time spent in this place.
 C = Inter-level travel time spent in this place.
 D = Time resting spent in this place.
 E = Time spent auto-exploring this place.
 F = Levels seen in this place.
 G = Mean time per level.
                   A        B        C        D        E       F      G
               +--------+--------+--------+--------+--------+-----+--------+
         Total |     91 |     91 |      0 |      0 |      0 |   1 |   91.0 |
       Dungeon |     91 |     91 |      0 |      0 |      0 |   1 |   91.0 |
               +--------+--------+--------+--------+--------+-----+--------+

Top non-repeatable levels by time:
       D: 91 daAuts
